 Dungeon Crawl Stone Soup version 0.29.1-1-gd02db6906a (webtiles) character file.

Game seed: 14228503532334186734

62 mcbry74 the Chopper (level 3, -1/33 HPs)
             Began as a Minotaur Berserker on Oct 13, 2022.
             Was a Believer of Trog.
             Slain by Natasha (5 damage)
             ... on level 2 of the Dungeon.
             The game lasted 00:03:02 (1577 turns).

mcbry74 the Chopper (Minotaur Berserker)            Turns: 1577, Time: 00:03:02

Health: -1/33      AC:  5    Str: 21    XL:     3   Next: 85%
Magic:  2/2        EV: 11    Int:  6    God:    Trog [**....]
Gold:   38         SH:  0    Dex:  9    Spells: 2/2 levels left

rFire   . . .      SeeInvis .   a - +0 hand axe
rCold   . . .      Faith    .   (no shield)
rNeg    . . .      Spirit   .   n - +0 ring mail
rPois   .          Reflect  .   (helmet restricted)
rElec   .          Harm     .   (no cloak)
rCorr   .          Rampage  .   (no gloves)
Will    .....                   (no boots)
Stlth   ..........              (no amulet)
HPRegen 0.11/turn               (no ring)
MPRegen 0.08/turn               (no ring)

@: lethally poisoned (-1 -> -6)
A: horns 2, retaliatory headbutt
a: Renounce Religion, Berserk, Trog's Hand


You were on level 2 of the Dungeon.
You worshipped Trog.
Trog was pleased with you.
You visited 1 branch of the dungeon, and saw 2 of its levels.

You collected 38 gold pieces.

Inventory:

Hand Weapons
 a - a +0 hand axe (weapon)
Missiles
 k - 4 poisoned darts (quivered)
Armour
 b - a +0 animal skin
 n - a +0 ring mail (worn)
Scrolls
 c - a scroll of immolation {unknown}
 f - 3 scrolls of blinking {unknown}
 h - a scroll of magic mapping {unknown}
 i - 3 scrolls of identify {unknown}
 m - a scroll of enchant weapon {unknown}
 o - a scroll of teleportation {unknown}
 p - a scroll of noise {unknown}
Potions
 d - a potion of ambrosia {unknown}
 e - 2 potions of magic {unknown}
 g - 2 potions of mutation {unknown}
 j - a potion of cancellation {unknown}
 l - a potion of curing {unknown}


   Skills:
 + Level 4.1 Fighting
 * Level 4.6 Axes
 + Level 0.6 Throwing
 + Level 3.0 Armour
 + Level 2.8 Dodging


You had 2 spell levels left.
You didn't know any spells.
Your spell library was empty.

Dungeon Overview and Level Annotations

Branches:
Dungeon (2/15)

Altars:

Annotations:
D:2 Natasha


Innate Abilities, Weirdness & Mutations

You have a pair of horns on your head.
You reflexively headbutt those who attack you in melee.


Message History

You kill the ball python!
Trog accepts your kill.
You can now call upon Trog for regeneration and willpower.
No target in view!
An adder comes into view.
Natasha, Servant of Life and Death comes into view.
Natasha hisses angrily.
Found 6 gold pieces.
You completely miss the adder. You miss Natasha. The adder closely misses you.
Natasha stares at you and mumbles some strange words.
The magic dart hits you. The adder bites you but does no damage.
You barely miss the adder. You closely miss Natasha.
The adder barely misses you. You furiously retaliate!
You headbutt the adder. Natasha closely misses you.
You hit the adder.
The adder is almost dead.
You hit Natasha. The adder bites you.
You are poisoned.
The adder poisons you! Natasha claws you! The adder bites you.
You closely miss the adder. Your headbutt misses the adder.
The adder is almost dead.
You hit Natasha but do no damage.
You feel sick. Natasha claws you!
* * * LOW HITPOINT WARNING * * *
The adder bites you.
* * * LOW HITPOINT WARNING * * *
You are lethally poisoned!
The adder poisons you!
You hit the adder.
You kill the adder!
Trog accepts your kill.
You hit Natasha.
* * * LOW HITPOINT WARNING * * *
You feel sick.
Natasha casts a spell.
You hit Natasha. Your headbutt misses Natasha.
Natasha is severely wounded.
You miss the crimson imp.
* * * LOW HITPOINT WARNING * * *
You feel sick. Natasha claws you.
You die...

..............####....#
......................####.
..................#>.......
..................#........
...................†.......
...........................
....................##.....
.#..................##....#
.##........###.h@..........
........##.....†5........
...... #................
.....# $.......###......
.....# ........# ......
.8#..# .......## ......
..#..# ....... .... ..# .#
..#.... .÷#


You could see Natasha and a crimson imp (summoned).

Vanquished Creatures
  2 adders (D:2)
  3 dart slugs (D:1)
  4 bats
  5 endoplasms
  A giant cockroach (D:1)
  3 goblins (D:1)
  4 hobgoblins
  4 jackals (D:2)
  3 kobolds (D:1)
  2 ball pythons
  2 frilled lizards (D:1)
  A rat (D:2)
34 creatures vanquished.

Notes
Turn   | Place    | Note
-------+----------+-------------------------------------------
     0 | D:1      | mcbry74 the Minotaur Berserker began the quest for the Orb.
     0 | D:1      | Reached XP level 1. HP: 19/19 MP: 0/0
   132 | D:1      | Reached XP level 2. HP: 20/27 MP: 1/1
  1118 | D:1      | Reached XP level 3. HP: 28/33 MP: 2/2
  1486 | D:2      | Found a faded altar of an unknown god.
  1567 | D:2      | Reached ** piety under Trog
  1569 | D:2      | Noticed Natasha
  1577 | D:2      | Slain by Natasha

Illustrated notes

Levels and vault maps discovered:
D:1:      minmay_arrival_stair_chambers, layout_basic, interstate_on_off
D:2:      layout_basic, serial_shops, nicolae_shop_statue_plus,
          shapermc_ecumenical_altar_pompeii, uniq_natasha

Skill      XL: |  1  2  3 |
---------------+----------+-----
Axes           | 4 |  4.6
Fighting       | 4 |  4.1
Armour         | 3 |  3.0
Throwing       | |  0.6
Dodging        | |  2.8

Action                   || total
-------------------------++-------
Melee: Hand axe          ||    76
       Headbutt          ||     7
Armor: Animal skin       ||    11
       Ring mail         ||    11
Dodge: Dodged            ||    47
